 Dungeon Crawl Stone Soup version 0.30.0-29-ga12c61a403 (webtiles) character file.

Game seed: 6323380593400995153

23776 LynnLen the Unseen (level 12, -2/51 HPs)
             Began as a Spriggan Enchanter on June 19, 2023.
             Was a High Priest of Ru.
             Slain by an elephant (6 damage)
             ... on level 5 of the Lair of Beasts.
             The game lasted 00:55:49 (14435 turns).

LynnLen the Unseen (Spriggan Enchanter)            Turns: 14435, Time: 00:55:49

Health: -2/51      AC:  7    Str:  4    XL:     12   Next: 74%
Magic:  27/28      EV: 17    Int: 27    God:    Ru [*****.]
Gold:   510        SH:  0    Dex: 16    Spells: 11/34 levels left

rFire   . . .        T - +2 dagger (elec)
rCold   . . .        (shield unavailable)
rNeg    . . .        l - +2 robe {Will+}
rPois   .            (helmet restricted)
rElec   .            o - +2 cloak
rCorr   .            (gloves unavailable)
SInv    +            (boots unavailable)
Will    +++..        i - amulet of magic regeneration
Stlth   +++++++      (ring unavailable)
HPRegen 0.00/turn    S - +6 ring of intelligence
MPRegen 0.61/turn

%: no passive effects
@: confusing by touch, inhibited regen, invisible, unable to read, very quick
A: very small, no large weapons, unfitting armour, see invisible, speed 3,
inhibited regeneration, inability to read after injury 2, missing a hand
a: Renounce Religion, Draw Out Power, Power Leap, Apocalypse


You were on level 5 of the Lair of Beasts.
You worshipped Ru.
Ru was extremely pleased with you.
You visited 2 branches of the dungeon, and saw 14 of its levels.
You also visited: Ossuary.

You collected 922 gold pieces.
You spent 412 gold pieces at shops.

Inventory:

Hand Weapons
 T - a +2 dagger of electrocution (weapon)
Missiles
 b - 2 throwing nets
 g - 112 stones
 k - 26 poisoned darts (quivered)
 n - 5 atropa-tipped darts
 U - 4 curare-tipped darts
Armour
 l - a +2 robe of willpower (worn)
 o - a +2 cloak (worn)
Jewellery
 c - a ring of wizardry
 i - an amulet of magic regeneration (around neck)
 v - a ring of magical power
 C - a ring of poison resistance
 D - an amulet of reflection
 F - a ring of magical power
 J - a ring of wizardry
 N - a +6 ring of strength
 O - an amulet of the acrobat
 S - a +6 ring of intelligence (right hand)
Wands
 y - a wand of roots (6)
 M - a wand of flame (24)
 P - a wand of mindburst (12)
Scrolls
 j - 2 scrolls of silence
 q - 4 scrolls of teleportation
 r - 3 scrolls of fog
 t - a scroll of poison
 w - 2 scrolls of amnesia
 x - a scroll of magic mapping
 z - a scroll of vulnerability
 B - a scroll of immolation
 E - 2 scrolls of enchant armour
 H - a scroll of blinking
 I - a scroll of fear
 L - a scroll of butterflies
 R - a scroll of brand weapon
Potions
 d - 2 potions of mutation
 e - 2 potions of haste
 f - 2 potions of flight
 h - 4 potions of attraction
 m - 11 potions of curing
 p - a potion of berserk rage
 s - 4 potions of might
 u - 2 potions of brilliance
 A - a potion of lignification
 K - 2 potions of magic
 Q - a potion of ambrosia
 V - a potion of invisibility
Miscellaneous
 a - a phantom mirror


   Skills:
 + Level 2.6 Short Blades
 - Level 2.6 Dodging
 + Level 19.0 Stealth
 + Level 11.8 Spellcasting
 * Level 1.9 Conjurations
 + Level 10.7 Hexes
 * Level 7.5 Summonings
 * Level 2.2 Earth Magic
 * Level 6.0 Poison Magic
 * Level 5.4 Evocations


You had 11 spell levels left.
You knew the following spells:

 Your Spells              Type           Power      Damage    Failure   Level
a - Ensorcelled Hibernat  Hex/Ice        88%        N/A       1%          2
b - Call Canine Familiar  Summ           54%        N/A       1%          3
c - Confusing Touch       Hex            65%        N/A       1%          3
d - Tukima's Dance        Hex            65%        N/A       1%          3
e - Summon Guardian Gole  Hex/Summ       60%        N/A       1%          3
f - Poisonous Vapours     Pois/Air       64%        N/A       1%          2
g - Olgreb's Toxic Radia  Pois           48%        N/A       3%          4
h - Stone Arrow           Conj/Erth      54%        3d10      4%          3

Your spell library contained the following spells:

 Spells                   Type           Power      Damage    Failure   Level
 Sandblast                Erth           54%        2d13      1%          1
 Sting                    Tmut/Pois      100%       1d8       1%          1
 Summon Small Mammal      Summ           100%       N/A       1%          1
 Dazzling Flash           Conj/Hex       100%       N/A       1%          3
 Portal Projectile        Hex/Tloc       88%        N/A       1%          3
 Cigotuvi's Dreadful Rot  Necr/Pois/Air  52%        N/A       2%          2
 Leda's Liquefaction      Hex/Erth       25%        N/A       2%          4
 Passwall                 Tmut/Erth      17%        N/A       3%          2
 Mephitic Cloud           Conj/Pois/Air  30%        N/A       3%          3
 Ignite Poison            Fire/Tmut/Pois 26%        N/A       4%          3
 Freezing Cloud           Conj/Ice/Air   9%         6-21      58%         5


Dungeon Overview and Level Annotations

Branches:
Dungeon (9/15)             Temple (0/1) D:6            Lair (5/5) D:9
  Swamp (0/4) Lair:3       Spider (0/4) Lair:2        Slime (0/5) Lair:4
Ossuary (visited)
    Orc: D:9-12

Altars:
Cheibriados
Elyvilon
Fedhas
Hepliaklqana
Kikubaaqudgha
Nemelex Xobeh
Okawaru
Ru
Uskayaw
Yredelemnul
Jiyva

Shops:
D:4 (=(:[

Annotations:
D:5 2 runed translucent doors, growler's ghost, novice TeAE


Innate Abilities, Weirdness & Mutations

You are very small and have problems with some larger weapons.
You are too small for most types of armour.
You have supernaturally acute eyesight. (SInv)
You cover ground extremely quickly. (Speed+++)
You do not regenerate when monsters are visible.
You sometimes lose the ability to read scrolls when taking damage.
You are missing a hand.


Message History

The wolf howls!
The wolf is poisoned. x2
The wolf howls!
The wolf is poisoned.
You hear a croak.
The wolf moves out of view.
A wolf comes into view.
The wolf howls!
The wolf is poisoned.
Your toxic aura wanes.
The elephant tramples you but does no damage.
The elephant closely misses you. The wolf attacks as you move away!
The wolf closely misses you.
The wolf looks more healthy. x2
The wolf attacks as you move away!
You redirect the wolf's attack!
The wolf completely misses itself.
The wolf attacks as you move away! The wolf bites you but does no damage.
Your magical contamination has completely faded away.
The wolf attacks as you move away! The wolf bites you.
* * * LOW HITPOINT WARNING * * *
The wolf attacks as you move away! The wolf barely misses you.
The wolf looks more healthy.
The wolf attacks as you move away! The wolf misses you.
Blink to where?
Press: ? - help, Dir - move target
As you read the scroll of blinking, it crumbles to dust.
You fade into invisibility!
Casting: Olgreb's Toxic Radiance (dangerous; 3% risk of failure)
Confirm with . or Enter, or press ? or * to list all spells.
Your hand begins to glow red.
The elephant barely misses you. The elephant trunk-slaps you.
* * * LOW HITPOINT WARNING * * *
You hit the elephant but do no damage.
The elephant is heavily wounded.
You barely miss the elephant.
The elephant is heavily wounded.
The wolf looks more healthy.
The elephant tramples you.
You feel threatened and lose the ability to read scrolls!
You die...

.........h.......[.......P..###.P
.....#...h.......................
...###P#.hP.#.##.#.#.P...........
.#. ###.h.#### ###./....#.......
.#. #.....# ###......##....... ##
#.P..####........).#......
##...hP##......$...Y......
###......................
#....#h@Y.........#.....
###....P$........###....
###...........## #....
....P.........# #....
##.............# ....
#....#........# #...
.......####.... .. ##.......


You could see an elephant (unable to see you) and 3 wolves.

Vanquished Creatures
  A hydra (Lair:4)
  A boulder beetle (Lair:1)
  Erica (D:8)
  A skyshark (Lair:5)
  5 elephants
  5 black mambas
  6 cane toads
  2 komodo dragons
  2 rime drakes
  2 ice devils (Lair:1)
  A hornet (D:7)
  A polar bear (Lair:3)
  3 dream sheep (Lair:4)
  A slime creature (Lair:4)
  14 blink frogs
  7 yaks
  5 wyverns
  3 basilisks
  A steam dragon (Lair:1)
  10 water moccasins
  2 orc warriors (D:9)
  7 black bears
  9 wolves
  2 ogres
  3 centaurs
  A phantom (D:4)
  An elf zombie (Ossuary)
  A kobold brigand (D:7)
  11 bullfrogs
  3 scorpions
  A gnoll sergeant (D:7)
  A troll zombie (Ossuary)
  3 jellies (Lair:4)
  A human zombie (Ossuary)
  3 centaur zombies (Ossuary)
  5 hounds
  An orc priest (D:9)
  6 iguanas
  3 orc wizards
  An ogre zombie (Ossuary)
  8 mummies
  11 adders
  5 gnolls
  5 adder zombies (Ossuary)
  3 worms (D:2)
  18 orcs
  2 ball pythons (D:1)
  6 endoplasms
  A gnoll zombie (Ossuary)
  5 hobgoblins
  4 jackals
  A quokka (D:1)
  9 bats
  3 frilled lizards
  4 goblins
  A goblin zombie (Ossuary)
  2 hobgoblin zombies
  9 kobolds
  8 kobold zombies (Ossuary)
  3 orc zombies (D:5)
  4 quokka zombies (Ossuary)
  8 rats
  2 rat zombies (Ossuary)
  2 spectral orcs
261 creatures vanquished.

Vanquished Creatures (collateral kills)
  A bog body (Lair:3)
  2 elephants (Lair:3)
  A hornet (Lair:5)
  4 dream sheep (Lair:4)
  2 blink frogs (Lair:4)
  A yak (Lair:3)
  A water moccasin (Lair:3)
  A bullfrog (Lair:4)
  An iguana (D:6)
  An orc wizard (D:9)
  5 orcs
  A quokka zombie (Ossuary)
21 creatures vanquished.

Vanquished Creatures (others)
  A bog body (Lair:3)
  2 elephants (Lair:3)
  2 dancing weapons
5 creatures vanquished.

Grand Total: 287 creatures vanquished

Notes
Turn   | Place    | Note
-------+----------+-------------------------------------------
     0 | D:1      | LynnLen the Spriggan Enchanter began the quest for the Orb.
     0 | D:1      | Reached XP level 1. HP: 9/9 MP: 5/5
   180 | D:1      | Reached XP level 2. HP: 13/13 MP: 6/6
   209 | D:1      | Learned a level 2 spell: Ensorcelled Hibernation
   233 | D:1      | Reached skill level 5 in Stealth
   518 | D:1      | Reached XP level 3. HP: 15/16 MP: 8/8
  1174 | D:2      | Reached skill level 6 in Stealth
  1196 | D:2      | Reached XP level 4. HP: 21/21 MP: 9/9
  1283 | D:2      | Learned a level 3 spell: Call Canine Familiar
  2188 | D:3      | Found an ancient bone altar of Kikubaaqudgha.
  2401 | D:3      | Found a white marble altar of Elyvilon.
  2401 | D:3      | Found a sacrificial altar of Ru.
  2468 | D:3      | Became a worshipper of Ru the Awakened
  2532 | D:4      | Found a hide-covered altar of Uskayaw.
  2546 | D:4      | Reached skill level 7 in Stealth
  2546 | D:4      | Reached XP level 5. HP: 14/24 MP: 8/11
  2639 | D:4      | Found Ukle's Book Emporium.
  2649 | D:4      | Noticed a phantom
  2665 | D:4      | Found a sand-covered staircase.
  2676 | Ossuary  | Entered an ossuary
  2728 | Ossuary  | Learned a level 3 spell: Confusing Touch
  2791 | Ossuary  | Reached skill level 1 in Summonings
  3049 | Ossuary  | Reached skill level 5 in Hexes
  3076 | Ossuary  | Reached skill level 8 in Stealth
  3076 | Ossuary  | Reached XP level 6. HP: 23/28 MP: 11/13
  3081 | Ossuary  | Learned a level 3 spell: Tukima's Dance
  3355 | Ossuary  | Reached skill level 9 in Stealth
  3527 | Ossuary  | Reached XP level 7. HP: 32/32 MP: 14/14
  3815 | D:4      | Found a transporter.
  3815 | D:4      | Found Nylak's Antique Weapon Shop.
  3844 | D:4      | You fall into a shaft and drop 2 floors!
  3893 | D:6      | Learned a level 3 spell: Summon Guardian Golem
  3903 | D:6      | Reached skill level 10 in Stealth
  4056 | D:5      | Entered Level 5 of the Dungeon
  4077 | D:5      | Reached skill level 5 in Spellcasting
  4136 | D:4      | Found a transporter.
  4230 | D:4      | Found Oshriroca's Armour Shop.
  4256 | D:4      | Bought a +2 robe of willpower for 247 gold pieces
  4347 | D:4      | Found Ecko Vab's Jewellery Shop.
  4369 | D:4      | Found a sparkling altar of Nemelex Xobeh.
  4405 | D:4      | Found Dinoh's Weapon Emporium.
  4813 | D:5      | Found a runed translucent door.
  4833 | D:5      | Found a runed translucent door.
  4835 | D:5      | Noticed growler's ghost (novice TeAE)
  4882 | D:5      | Reached XP level 8. HP: 33/36 MP: 17/17
  4884 | D:5      | Reached skill level 11 in Stealth
  5577 | D:6      | Found a blossoming altar of Fedhas.
  5712 | D:6      | Identified the staff of fire "Urumier" {rElec rF+ Str+6}
  5779 | D:6      | Found a snail-covered altar of Cheibriados.
  5873 | D:6      | Reached skill level 12 in Stealth
  6006 | D:6      | Found a basalt altar of Yredelemnul.
  6115 | D:6      | Found a staircase to the Ecumenical Temple.
  6164 | D:7      | Gained mutation: You occasionally lose the ability to read
                  | scrolls when taking damage. [Ru sacrifice]
  6164 | D:7      | Gained mutation: You sometimes lose the ability to read
                  | scrolls when taking damage. [Ru sacrifice]
  6164 | D:7      | Reached * piety under Ru
  6177 | D:7      | Noticed a hornet
  6181 | D:7      | Killed a hornet
  6394 | D:7      | Found an iron altar of Okawaru.
  6456 | D:7      | Reached XP level 9. HP: 39/39 MP: 20/20
  6545 | D:7      | Found a hazy altar of Hepliaklqana.
  6937 | D:8      | Noticed Erica
  6947 | D:8      | Killed Erica
  6948 | D:8      | Reached skill level 13 in Stealth
  7134 | D:9      | Reached skill level 14 in Stealth
  7455 | D:9      | Reached skill level 15 in Stealth
  7496 | D:9      | Found a staircase to the Lair.
  7513 | D:9      | Reached skill level 5 in Summonings
  7530 | D:9      | Reached XP level 10. HP: 44/44 MP: 23/23
  8245 | D:9      | Learned a level 2 spell: Poisonous Vapours
  8250 | D:9      | Learned a level 4 spell: Olgreb's Toxic Radiance
  8290 | Lair:1   | Entered Level 1 of the Lair of Beasts
  8290 | Lair:1   | Noticed a black mamba
  8290 | Lair:1   | Noticed a boulder beetle
  8300 | Lair:1   | Killed a boulder beetle
  8301 | Lair:1   | Reached skill level 1 in Poison Magic
  8314 | Lair:1   | Killed a black mamba
  8315 | Lair:1   | Reached skill level 16 in Stealth
  8315 | Lair:1   | Noticed a cane toad
  8467 | Lair:1   | Killed a cane toad
  8559 | Lair:1   | Gained mutation: You do not regenerate when monsters are
                  | visible. [Ru sacrifice]
  8559 | Lair:1   | Reached ** piety under Ru
  8739 | Lair:1   | Reached XP level 11. HP: 36/47 MP: 25/25
  9140 | Lair:1   | Found a frozen archway.
  9147 | Lair:1   | Reached skill level 17 in Stealth
  9479 | Lair:1   | Reached skill level 10 in Spellcasting
 10116 | Lair:2   | Reached skill level 10 in Hexes
 10564 | Lair:2   | Found a hole to the Spider Nest.
 11024 | D:4      | Bought a +0 dagger of electrocution for 98 gold pieces
 11024 | D:4      | Bought 4 curare-tipped darts for 67 gold pieces
 11366 | Lair:3   | Reached skill level 18 in Stealth
 11366 | Lair:3   | Reached skill level 1 in Evocations
 11638 | Lair:3   | Found a staircase to the Swamp.
 11638 | Lair:3   | Noticed a bog body
 12246 | Lair:3   | Noticed a bog body
 12345 | Lair:3   | Killed a bog body
 12346 | Lair:3   | Reached XP level 12. HP: 51/51 MP: 27/27
 12453 | Lair:3   | Gained mutation: You are missing a hand. [Ru sacrifice]
 12453 | Lair:3   | Reached *** piety under Ru
 12453 | Lair:3   | Reached **** piety under Ru
 12453 | Lair:3   | Reached ***** piety under Ru
 12829 | Lair:4   | Reached skill level 5 in Poison Magic
 12937 | Lair:4   | Learned a level 3 spell: Stone Arrow
 13236 | Lair:4   | Reached skill level 1 in Earth Magic
 13341 | Lair:4   | Reached skill level 1 in Conjurations
 13428 | Lair:4   | Found a staircase to the Slime Pits.
 13428 | Lair:4   | Found a viscous altar of Jiyva.
 13493 | Lair:4   | Noticed a five-headed hydra
 13500 | Lair:4   | Killed a five-headed hydra
 13501 | Lair:4   | Reached skill level 5 in Evocations
 13538 | Lair:4   | Found the +8 longbow "Zephyr" {speed, Dex+3 SInv}
 13921 | Lair:5   | Entered Level 5 of the Lair of Beasts
 14139 | Lair:5   | Noticed a death yak
 14193 | Lair:5   | Noticed a death yak
 14304 | Lair:5   | Reached skill level 19 in Stealth
 14435 | Lair:5   | Slain by an elephant

Illustrated notes

Levels and vault maps discovered:
D:1:      sevenhm_arrival_forest_fort_small_5, layout_rooms, minmay_quantized
D:2:      layout_basic
D:3:      layout_rooms, mainiacjoe_overflow_small_starburst,
          amethyst_overflow_temple_binary
D:4:      layout_loops_ring, kennysheep_mini, amcnicky_altar_gilded,
          lightli_ossuary_entry_decrepit_ruins, serial_shops,
          nicolae_shop_drivethru, kennysheep_mini_moat,
          nicolae_shop_rolling_square, nicolae_shop_tiny_glass,
          nicolae_shop_bloodbath_and_beyond, supply_closet_lemuel
D:5:      layout_rooms, ebering_ghost_sewer_f, minmay_mini_ossuary
D:6:      layout_cave_pools, yredelemnul_forgotten_temple_becter,
          fedhas_ov_isle_minmay, mainiacjoe_overflow_tiny_flanked,
          lemuel_temple_firewalk_a
D:7:      layout_basic, okawaru_gym_becter,
          nicolae_hepliaklqana_monster_ancestors
D:8:      layout_rooms, minmay_misc_feat_cross, chequers_avenue, uniq_erica
D:9:      layout_loops_ring, minmay_lair_entry_grove
Lair:1:   wad_woods_structure_01, layout_gridlike, portal_ice_cave_demonic_guard
Lair:2:   hangedman_what_comes_after_a, layout_regular_city,
          spider_nest_entry_web_field
Lair:3:   layout_roguey, skrybe_swamp_entry_bodies,
          chequers_serial_rivers_micro_b, chequers_serial_rivers_micro_c
Lair:4:   layout_loops_ring, minmay_slime_entry_pillars
Lair:5:   minmay_lair_end_enchanted_forest, layout_cave_pods,
          grunt_forest_large_clearings, lemuel_fruit_fields,
          serial_bayou_shore_a, lemuel_fruit_tree

Skill      XL: |  1  2  3  4  5  6  7  8  9 10 11 12 |
---------------+-------------------------------------+-----
Hexes          | 4 5 7 8 9 10 | 10.7
Stealth        | 5 6 7 8 9 10 12 15 16 18 19 | 19.0
Spellcasting   | 3 4 5 6 8 9 10 11 | 11.8
Summonings     | 1 2 3 5 6 7 |  7.5
Poison Magic   | 2 4 6 |  6.0
Evocations     | 3 5 |  5.4
Short Blades   | 2 |  2.6
Earth Magic    | 2 |  2.2
Conjurations   | 1 |  1.9
Dodging        | |  2.6

Action                     |  1- 3 |  4- 6 |  7- 9 | 10-12 || total
---------------------------+-------+-------+-------+-------++-------
  Melee: Dagger            |    92 |   162 |   184 |   187 ||   625
         Punch             |       |     3 |       |     1 ||     4
   Cast: Ensorcelled Hiber |     8 |     9 |    51 |   100 ||   168
         Confusing Touch   |       |    11 |    17 |    15 ||    43
         Call Canine Famil |       |     2 |     3 |    18 ||    23
         Tukima's Dance    |       |       |     9 |     2 ||    11
         Summon Guardian G |       |       |       |    11 ||    11
         Poisonous Vapours |       |       |       |     9 ||     9
         Olgreb's Toxic Ra |       |       |       |    11 ||    11
         Stone Arrow       |       |       |       |     2 ||     2
 Invoke: Reject Sacrifices |       |       |     1 |       ||     1
         Sacrifice Words   |       |       |     1 |       ||     1
         Sacrifice Purity  |       |       |       |     1 ||     1
         Apocalypse        |       |       |       |     1 ||     1
         Sacrifice a Hand  |       |       |       |     1 ||     1
    Use: Scroll            |     4 |     9 |     9 |     9 ||    31
         Potion            |       |     1 |     1 |    10 ||    12
   Stab: Sleeping          |    11 |    36 |    60 |    75 ||   182
         Confused          |       |     8 |    12 |     6 ||    26
         Invisible         |       |       |     1 |     2 ||     3
         Distracted        |       |       |       |     1 ||     1
         Paralysed         |       |       |       |     1 ||     1
 Armour: Robe              |    11 |    18 |    28 |    42 ||    99
  Dodge: Dodged            |    65 |   104 |   117 |   174 ||   460
